[ AOE2 MATCH · #508790079 ]
UnrankedLithuanians vs Teutons
Player's team · LOSS
Rival team · WIN
[ REPLAY ANALYSIS · EXTRACTED FROM THE RECORDED GAME ]
Feudal
9:18
Castle
24:06
Imperial
47:13
| APM avg | 39.5 |
| APM peak | 78 |
| eAPM avg | 23.3 |
| Villagers / military | 76 / 32 |
Focus
⚔️ 33.1% · 🌾 66.9%
Leitis ×9 · Monk ×7 · Mangonel ×6 · Scout Cavalry ×3 · Archer ×2 · Spearman ×2
Feudal
9:51
Castle
27:45
Imperial
44:17
| APM avg | 25.4 |
| APM peak | 56 |
| eAPM avg | 14.1 |
| Villagers / military | 111 / 78 |
Focus
⚔️ 26.1% · 🌾 73.9%
Archer ×22 · Spearman ×17 · Teutonic Knight ×10 · Monk ×5 · Militia ×5 · Battering Ram ×5
Match map
Initial resources + every placement click. Lines = walls · curves = elevation contours. ◆ gold · ⬟ stone · ● berries · ✦ relic · ◌ wall gap
Your base· ✓ Closed at 24:06 · 87t walls · no gate
Kinait's base· Open — opponent sealed themselves in
Smoothed initial terrain · ◌ = detected wall gap · hover for details
Inputs per minute
— ZIZKA - - Kinait
Build order — ZIZKA
First 150 of 253 actions detected
| 0:01 | Queue | Villager (Male) |
| 0:02 | Build | House |
| 0:04 | Build | House |
| 0:21 | Queue | Villager (Male) |
| 0:21 | Queue | Villager (Male) |
| 0:40 | Queue | Villager (Male) |
| 0:46 | Queue | Villager (Male) |
| 1:10 | Queue | Villager (Male) |
| 1:37 | Queue | Villager (Male) |
| 1:52 | Build | Lumber Camp |
| 2:21 | Queue | Villager (Male) |
| 2:22 | Queue | Villager (Male) |
| 2:38 | Queue | Villager (Male) |
| 2:44 | Build | House |
| 2:57 | Queue | Villager (Male) |
| 3:23 | Queue | Villager (Male) |
| 4:11 | Queue | Villager (Male) |
| 4:21 | Build | Mill |
| 4:24 | Queue | Villager (Male) |
| 4:29 | Queue | Villager (Male) |
| 4:38 | Queue | Villager (Male) |
| 5:22 | Build | House |
| 6:27 | Research | Loom |
| 6:37 | Build | Lumber Camp |
| 7:08 | Research | Feudal Age |
| 7:38 | Build | Barracks |
| 7:48 | Queue | Villager (Male) |
| 8:21 | Build | House |
| 8:59 | Build | House |
| 9:01 | Build | Palisade Wall |
| 9:18 | Age | Feudal Age |
| 9:22 | Build | Stable |
| 9:25 | Research | Double-Bit Axe |
| 9:39 | Queue | Villager (Male) |
| 10:07 | Queue | Scout Cavalry |
| 10:07 | Queue | Scout Cavalry |
| 10:07 | Queue | Scout Cavalry |
| 10:13 | Build | Palisade Wall |
| 10:15 | Build | Palisade Wall |
| 10:21 | Build | Palisade Wall |
| 10:25 | Build | Palisade Wall |
| 10:27 | Queue | Villager (Male) |
| 10:33 | Build | Palisade Wall |
| 11:21 | Queue | Villager (Male) |
| 11:28 | Queue | Spearman |
| 11:28 | Queue | Spearman |
| 11:36 | Build | Palisade Wall |
| 11:38 | Build | Palisade Wall |
| 11:39 | Build | Palisade Wall |
| 11:52 | Build | House |
| 11:53 | Build | House |
| 12:26 | Build | House |
| 12:28 | Build | Palisade Wall |
| 13:24 | Build | House |
| 13:43 | Build | Watch Tower |
| 13:49 | Build | Mining Camp |
| 13:53 | Build | House |
| 13:55 | Build | Palisade Wall |
| 13:58 | Queue | Villager (Male) |
| 14:02 | Build | Mining Camp |
| 14:11 | Queue | Villager (Male) |
| 14:17 | Build | House |
| 14:19 | Build | Palisade Wall |
| 15:01 | Queue | Villager (Male) |
| 15:07 | Queue | Villager (Male) |
| 15:10 | Build | Market |
| 15:18 | Queue | Villager (Male) |
| 16:30 | Build | Mill |
| 16:33 | Queue | Villager (Male) |
| 17:20 | Build | Farm |
| 17:21 | Build | Farm |
| 17:23 | Build | Farm |
| 17:24 | Build | Farm |
| 17:25 | Build | Farm |
| 17:38 | Queue | Villager (Male) |
| 17:54 | Build | Archery Range |
| 18:31 | Queue | Villager (Male) |
| 18:36 | Build | Farm |
| 18:36 | Build | Farm |
| 18:39 | Build | Farm |
| 18:41 | Queue | Archer |
| 18:42 | Queue | Archer |
| 18:48 | Queue | Villager (Male) |
| 20:09 | Build | Watch Tower |
| 20:14 | Build | House |
| 20:18 | Build | House |
| 20:19 | Build | Palisade Wall |
| 20:23 | Build | House |
| 21:27 | Research | Castle Age |
| 21:27 | Research | Castle Age |
| 21:57 | Build | Blacksmith |
| 23:01 | Build | House |
| 23:02 | Build | House |
| 23:04 | Build | House |
| 23:13 | Build | House |
| 23:15 | Build | Palisade Wall |
| 24:06 | Age | Castle Age |
| 24:10 | Build | Siege Workshop |
| 24:18 | Build | Town Center |
| 24:24 | Queue | Villager (Male) |
| 24:31 | Build | House |
| 25:01 | Queue | Mangonel |
| 25:01 | Queue | Mangonel |
| 25:24 | Build | Farm |
| 25:44 | Build | Lumber Camp |
| 25:56 | Research | Fletching |
| 26:21 | Queue | Villager (Male) |
| 26:34 | Build | House |
| 26:53 | Queue | Villager (Male) |
| 26:58 | Queue | Scorpion |
| 27:03 | Queue | Villager (Male) |
| 27:09 | Queue | Villager (Male) |
| 27:42 | Queue | Villager (Male) |
| 27:47 | Build | Farm |
| 27:47 | Build | Farm |
| 27:47 | Build | Farm |
| 27:48 | Build | Farm |
| 27:48 | Build | Farm |
| 28:14 | Queue | Mangonel |
| 28:38 | Build | Farm |
| 29:06 | Queue | Villager (Male) |
| 29:08 | Queue | Villager (Male) |
| 29:18 | Build | Town Center |
| 29:34 | Queue | Villager (Male) |
| 29:40 | Build | Monastery |
| 29:56 | Queue | Villager (Male) |
| 30:05 | Build | Farm |
| 30:10 | Queue | Villager (Male) |
| 30:11 | Queue | Villager (Male) |
| 30:11 | Queue | Villager (Male) |
| 30:15 | Queue | Monk |
| 30:16 | Queue | Monk |
| 30:16 | Queue | Monk |
| 30:34 | Queue | Villager (Male) |
| 30:34 | Queue | Villager (Male) |
| 30:35 | Queue | Villager (Male) |
| 30:35 | Queue | Villager (Male) |
| 31:42 | Queue | Villager (Male) |
| 32:01 | Queue | Villager (Male) |
| 32:17 | Build | Watch Tower |
| 32:22 | Queue | Villager (Male) |
| 32:23 | Queue | Villager (Male) |
| 32:23 | Queue | Villager (Male) |
| 33:20 | Queue | Villager (Male) |
| 33:21 | Queue | Villager (Male) |
| 33:34 | Queue | Mangonel |
| 33:50 | Build | Farm |
| 33:50 | Build | Farm |
| 33:51 | Build | Farm |
| 33:51 | Build | Farm |
Build order — Kinait
First 150 of 321 actions detected
| 0:01 | Queue | Villager (Male) |
| 0:01 | Queue | Villager (Male) |
| 0:01 | Queue | Villager (Male) |
| 0:02 | Build | House |
| 0:04 | Build | House |
| 0:17 | Queue | Villager (Male) |
| 1:26 | Queue | Villager (Male) |
| 1:53 | Build | Lumber Camp |
| 1:57 | Queue | Villager (Male) |
| 2:15 | Queue | Villager (Male) |
| 2:54 | Queue | Villager (Male) |
| 3:10 | Queue | Villager (Male) |
| 3:15 | Build | House |
| 3:37 | Queue | Villager (Male) |
| 3:51 | Queue | Villager (Male) |
| 4:20 | Queue | Villager (Male) |
| 4:48 | Build | Mill |
| 4:53 | Queue | Villager (Male) |
| 4:56 | Queue | Villager (Male) |
| 5:56 | Queue | Villager (Male) |
| 6:15 | Queue | Villager (Male) |
| 6:44 | Queue | Villager (Male) |
| 7:13 | Research | Loom |
| 7:21 | Build | Barracks |
| 7:41 | Research | Feudal Age |
| 8:09 | Queue | Militia |
| 8:09 | Queue | Militia |
| 8:15 | Build | House |
| 8:27 | Build | Mining Camp |
| 9:27 | Queue | Militia |
| 9:30 | Build | House |
| 9:51 | Age | Feudal Age |
| 9:53 | Queue | Villager (Male) |
| 9:55 | Queue | Militia |
| 10:03 | Build | Mining Camp |
| 10:21 | Queue | Militia |
| 10:36 | Queue | Villager (Male) |
| 10:48 | Build | Watch Tower |
| 10:58 | Queue | Spearman |
| 10:58 | Queue | Spearman |
| 11:18 | Queue | Villager (Male) |
| 11:25 | Queue | Villager (Male) |
| 11:34 | Build | House |
| 11:54 | Build | House |
| 12:03 | Build | Farm |
| 12:04 | Build | Farm |
| 12:05 | Build | Farm |
| 12:06 | Build | Farm |
| 12:06 | Queue | Villager (Male) |
| 12:29 | Research | Man-at-Arms (upgrade) |
| 12:55 | Build | Farm |
| 13:08 | Build | Watch Tower |
| 13:19 | Queue | Villager (Male) |
| 13:33 | Queue | Villager (Male) |
| 13:49 | Queue | Villager (Male) |
| 13:54 | Build | Watch Tower |
| 14:10 | Queue | Villager (Male) |
| 14:13 | Build | Farm |
| 14:37 | Build | Farm |
| 14:38 | Queue | Villager (Male) |
| 14:49 | Build | Archery Range |
| 14:52 | Queue | Villager (Male) |
| 15:13 | Queue | Villager (Male) |
| 15:19 | Build | Palisade Wall |
| 15:33 | Queue | Archer |
| 15:42 | Build | Archery Range |
| 15:44 | Queue | Villager (Male) |
| 15:55 | Queue | Villager (Male) |
| 16:07 | Queue | Archer |
| 16:16 | Build | House |
| 16:28 | Queue | Archer |
| 16:38 | Queue | Archer |
| 16:54 | Build | House |
| 17:06 | Build | Palisade Wall |
| 17:08 | Build | Palisade Wall |
| 17:16 | Build | Palisade Wall |
| 17:17 | Build | Palisade Wall |
| 17:28 | Queue | Archer |
| 17:30 | Queue | Archer |
| 17:41 | Build | Palisade Wall |
| 17:53 | Build | Blacksmith |
| 17:55 | Queue | Villager (Male) |
| 18:00 | Queue | Archer |
| 18:01 | Queue | Archer |
| 18:11 | Queue | Villager (Male) |
| 18:25 | Build | House |
| 18:30 | Build | House |
| 18:33 | Research | Fletching |
| 18:51 | Build | Watch Tower |
| 19:00 | Queue | Archer |
| 19:02 | Queue | Archer |
| 19:07 | Queue | Villager (Male) |
| 19:22 | Queue | Archer |
| 19:28 | Queue | Villager (Male) |
| 19:31 | Build | Farm |
| 19:45 | Queue | Archer |
| 19:53 | Queue | Villager (Male) |
| 20:01 | Build | Mill |
| 20:13 | Queue | Archer |
| 20:17 | Queue | Villager (Male) |
| 20:34 | Build | Watch Tower |
| 20:47 | Queue | Villager (Male) |
| 20:48 | Build | Farm |
| 20:51 | Build | Farm |
| 20:52 | Build | Farm |
| 20:53 | Build | Farm |
| 20:55 | Build | Farm |
| 20:56 | Build | House |
| 21:03 | Queue | Archer |
| 21:06 | Queue | Villager (Male) |
| 21:22 | Build | House |
| 21:44 | Build | Watch Tower |
| 21:45 | Queue | Villager (Male) |
| 21:48 | Build | Farm |
| 22:02 | Queue | Villager (Male) |
| 22:07 | Build | Farm |
| 22:17 | Queue | Archer |
| 22:18 | Queue | Archer |
| 22:29 | Queue | Archer |
| 22:30 | Queue | Villager (Male) |
| 22:38 | Build | Lumber Camp |
| 22:56 | Build | Watch Tower |
| 23:08 | Queue | Villager (Male) |
| 23:20 | Queue | Villager (Male) |
| 23:31 | Queue | Archer |
| 23:37 | Queue | Archer |
| 24:00 | Queue | Villager (Male) |
| 24:14 | Build | Market |
| 24:30 | Queue | Villager (Male) |
| 24:39 | Build | House |
| 24:48 | Build | Watch Tower |
| 25:05 | Research | Castle Age |
| 25:54 | Build | Watch Tower |
| 26:00 | Build | Palisade Wall |
| 26:06 | Build | Palisade Wall |
| 26:15 | Queue | Archer |
| 27:02 | Build | House |
| 27:19 | Queue | Archer |
| 27:20 | Queue | Archer |
| 27:45 | Age | Castle Age |
| 27:47 | Research | Gold Mining |
| 27:51 | Build | Town Center |
| 27:53 | Queue | Villager (Male) |
| 27:56 | Research | Double-Bit Axe |
| 27:57 | Research | Horse Collar |
| 28:00 | Research | Bodkin Arrow |
| 28:11 | Build | Siege Workshop |
| 28:24 | Queue | Villager (Male) |
| 28:24 | Queue | Villager (Male) |
| 28:29 | Research | Bow Saw |
Match timeline
| 7:21 | Kinait · first_building Barracks |
| 7:38 | ZIZKA · first_building Barracks |
| 9:01 | ZIZKA · wall_segment Palisade Wall x9 |
| 9:18 | ZIZKA · age_up feudal |
| 9:22 | ZIZKA · first_building Stable |
| 9:51 | Kinait · age_up feudal |
| 10:13 | ZIZKA · wall_segment Palisade Wall x1 |
| 10:15 | ZIZKA · wall_segment Palisade Wall x15 |
| 10:21 | ZIZKA · wall_segment Palisade Wall x1 |
| 10:25 | ZIZKA · wall_segment Palisade Wall x14 |
| 10:33 | ZIZKA · wall_segment Palisade Wall x1 |
| 11:36 | ZIZKA · wall_segment Palisade Wall x1 |
| 11:38 | ZIZKA · wall_segment Palisade Wall x20 |
| 11:39 | ZIZKA · wall_segment Palisade Wall x6 |
| 12:28 | ZIZKA · wall_segment Palisade Wall x8 |
| 13:55 | ZIZKA · wall_segment Palisade Wall x3 |
| 14:19 | ZIZKA · wall_segment Palisade Wall x7 |
| 14:49 | Kinait · first_building Archery Range |
| 15:19 | Kinait · wall_segment Palisade Wall x1 |
| 17:06 | Kinait · wall_segment Palisade Wall x4 |
| 17:08 | Kinait · wall_segment Palisade Wall x3 |
| 17:16 | Kinait · wall_segment Palisade Wall x2 |
| 17:17 | Kinait · wall_segment Palisade Wall x1 |
| 17:41 | Kinait · wall_segment Palisade Wall x1 |
| 17:54 | ZIZKA · first_building Archery Range |
| 19:37 | ZIZKA · first_market_sell 100 stone |
| 19:39 | ZIZKA · first_market_buy 100 food |
| 20:19 | ZIZKA · wall_segment Palisade Wall x1 |
| 23:15 | ZIZKA · wall_segment Palisade Wall x9 |
| 24:06 | ZIZKA · age_up castle |
| 24:10 | ZIZKA · first_building Siege Workshop |
| 25:04 | Kinait · first_market_sell 100 food |
| 26:00 | Kinait · wall_segment Palisade Wall x14 |
| 26:06 | Kinait · wall_segment Palisade Wall x1 |
| 27:45 | Kinait · age_up castle |
| 28:11 | Kinait · first_building Siege Workshop |
| 28:45 | Kinait · first_building Stable |
| 29:40 | ZIZKA · first_building Monastery |
| 30:31 | Kinait · first_building Castle |
| 35:07 | ZIZKA · first_building Castle |
| 37:47 | Kinait · first_market_buy 100 food |
| 38:15 | Kinait · first_building Monastery |
| 43:28 | ZIZKA · wall_segment Palisade Wall x5 |
| 43:30 | ZIZKA · wall_segment Palisade Wall x8 |
| 43:32 | ZIZKA · wall_segment Palisade Wall x8 |
| 43:34 | ZIZKA · wall_segment Palisade Wall x6 |
| 44:17 | Kinait · age_up imperial |
| 47:13 | ZIZKA · age_up imperial |
| 49:26 | ZIZKA · resign |
[ AI ANALYSIS · 1 CREDIT ]
What really happened in this match?
Wolo.gg analyzes every decision: build order, eco, micro, common mistakes by bracket. Personalized analysis on WhatsApp or Discord in 30 seconds.
Civ guide
Lithuanians
Perfil
ZIZKA